 Dungeon Crawl Stone Soup version 0.30-a0-728-gc68057be0a (webtiles) character file.

Game seed: 12611639094342964152

478806 NinjaNoafa the Hoplite (level 24, -17/190 (204) HPs)
             Began as a Barachi Monk on Jan 31, 2023.
             Was a High Priest of Wu Jian.
             Killed from afar by an ancient lich (64 damage)
             ... with a bolt of acid
             ... on level 5 of the Vaults on Feb 1, 2023.
             The game lasted 07:59:54 (63328 turns).

NinjaNoafa the Hoplite (Barachi Monk)              Turns: 63328, Time: 07:59:54

HP:   -17/190 (204) AC: 42    Str: 16    XL:     24   Next: 50%
MP:   0/30          EV: 20    Int: 15    God:    Wu Jian [*****.]
Gold: 1503          SH: 39    Dex: 25    Spells: 33/33 levels left

rFire   + . .      SeeInvis .    b - +8 Vampire's Tooth {megavamp}
rCold   + . .      Faith    .    G - +6 tower shield {reflect}
rNeg    . . .      Spirit   +    I - +11 shadow dragon scales of the Apprentice {*Slow rF+ Dex+3 Stlth++++}
rPois   .          Reflect  +    C - +2 helmet "Daetibb" {Int+3}
rElec   .          Harm     .    x - +0 cloak {Will+}
rCorr   .          Rampage  .    V - -1 pair of gloves "Ibytaff" {Regen+}
Will    ++...                    S - +2 pair of boots {Fly}
Stlth   ++++++++                 D - brooch of Shielding {Spirit SH+8}
HPRegen 1.31/turn                P - ring of protection from cold
MPRegen 0.22/turn                k - +5 ring of evasion

@: exhausted, flying, drained, slow
A: amphibious, slowness 1, strong legs 2, +LOS
}: 3/15 runes: decaying, serpentine, silver
a: Hop, Renounce Religion, Wall Jump, Serpent's Lash, Heavenly Storm


You were on level 5 of the Vaults.
You worshipped Wu Jian.
Wu Jian was extremely pleased with you.
You visited 10 branches of the dungeon, and saw 42 of its levels.
You visited the Abyss 1 time.
You visited 1 bazaar.
You also visited: Bailey, Ice Cave and Wizlab.

You collected 6617 gold pieces.
You spent 5114 gold pieces at shops.

Inventory:

Hand Weapons
 a - the +7 captain's cutlass {speed, disarm}
   (You found it on level 1 of the Elven Halls)
 b - the +8 Vampire's Tooth (weapon) {megavamp}
   (You took it off a centaur on level 10 of the Dungeon)
 c - a +6 long sword of holy wrath
 d - the +8 short sword of Saltpetre {antimagic, +Blink rC++}
   (You found it on level 2 of the Snake Pit)

   rC:        It greatly protects you from cold.
   +Blink:    It lets you blink.
Missiles
 m - 8 javelins (quivered)
 s - 2 silver javelins
 y - 10 throwing nets
 J - 8 curare-tipped darts
 U - a boomerang of dispersal
Armour
 x - a +0 cloak of willpower (worn)
 C - the +2 helmet "Daetibb" (worn) {Int+3}
   (You found it on level 3 of the Swamp)

   Int:       It affects your intelligence (+3).
 G - a +6 tower shield of reflection (worn)
 I - the +11 shadow dragon scales of the Apprentice (worn) {*Slow rF+ Dex+3 Stlth++++}
   (You took it off an orc in a bailey)

   Dex:       It affects your dexterity (+3).
   rF:        It protects you from fire.
   *Slow:     It may slow you when you take damage.
   Stlth:     It makes you much more stealthy.
 S - a +2 pair of boots of flying (worn)
 V - the -1 pair of gloves "Ibytaff" (worn) {Regen+}
   (You took it off Nikola on level 1 of the Snake Pit)

   Regen:     It increases your rate of health regeneration.
Jewellery
 k - a +5 ring of evasion (right hand)
 v - the ring of Kailel {Fire rElec SInv}
   (You found it on level 14 of the Dungeon)

   [ring of fire]

   It enhances your fire magic.
   rF:        It protects you from fire.
   rC:        It makes you vulnerable to cold.
   rElec:     It insulates you from electricity.
   SInv:      It lets you see invisible.
 D - the brooch of Shielding (around neck) {Spirit SH+8}
   (You took it off a deep elf sorcerer on level 3 of the Elven Halls)

   [amulet of guardian spirit]

   It causes incoming damage to be divided between your reserves of health and
   magic.
   SH:        It affects your SH (+8).
 E - a ring of willpower
 H - a ring of positive energy
 P - a ring of protection from cold (left hand)
 R - a ring of resist corrosion
Wands
 u - a wand of iceblast (32)
 A - a wand of digging (16)
 K - a wand of paralysis (31)
 O - a wand of acid (41)
 Y - a wand of mindburst (10)
Scrolls
 e - 5 scrolls of vulnerability
 j - 2 scrolls of fog
 o - 2 scrolls of teleportation
 q - 2 scrolls of immolation
 t - 7 scrolls of fear
 L - a scroll of torment
 N - 4 scrolls of magic mapping
 Q - 4 scrolls of poison
 W - 3 scrolls of butterflies
 X - a scroll of silence
Potions
 f - a potion of heal wounds
 h - 7 potions of attraction
 l - 5 potions of haste
 r - a potion of berserk rage
 w - 3 potions of invisibility
 z - 3 potions of resistance
 B - 6 potions of cancellation
 F - 3 potions of might
 T - 8 potions of lignification
 Z - 8 potions of curing
Miscellaneous
 g - a box of beasts (inert)
 i - a phial of floods (inert)
 n - a phantom mirror
 p - a condenser vane
 M - a lightning rod (4/4)


   Skills:
 - Level 20.0 Fighting
 - Level 12.0(14.5) Short Blades
 - Level 14.3(16.3) Long Blades
 - Level 15.0 Throwing
 - Level 19.3 Armour
 + Level 13.0 Dodging
 - Level 18.0 Stealth
 - Level 21.5 Shields
 - Level 5.0 Spellcasting
 - Level 15.4 Evocations


You had 33 spell levels left.
You didn't know any spells.
Your spell library contained the following spells:

 Spells                   Type           Power      Damage    Failure   Level
 Freeze                   Ice            12%        1d3       86%         1
 Kiss of Death            Conj/Necr      12%        2d6       86%         1
 Magic Dart               Conj           12%        1d3       86%         1
 Necrotise                Necr           12%        1d4       86%         1
 Slow                     Hex            12%        N/A       86%         1
 Call Imp                 Summ           3%         N/A       94%         2
 Cigotuvi's Dreadful Rot  Necr/Pois/Air  6%         N/A       94%         2
 Ensorcelled Hibernation  Hex/Ice        6%         N/A       94%         2
 Poisonous Vapours        Pois/Air       6%         N/A       94%         2
 Scorch                   Fire           6%         2d5       94%         2
 Sublimation of Blood     Necr           3%         N/A       94%         2
 Confusing Touch          Hex            3%         N/A       99%         3
 Dazzling Flash           Conj/Hex       6%         N/A       99%         3
 Frozen Ramparts          Ice            6%         1d1       99%         3
 Hailstorm                Conj/Ice       3%         3d3       99%         3
 Ignite Poison            Fire/Tmut/Pois 3%         N/A       99%         3
 Inner Flame              Hex/Fire       3%         N/A       99%         3
 Kindle Blastsparks       Fire/Tloc/Air  6%         2d10      99%         3
 Mephitic Cloud           Conj/Pois/Air  3%         N/A       99%         3
 Ozocubu's Armour         Ice            3%         N/A       99%         3
 Stone Arrow              Conj/Erth      6%         3d7       99%         3
 Vampiric Draining        Necr           3%         2d6       99%         3
 Vhi's Electric Charge    Tloc/Air       6%         N/A       99%         3
 Airstrike                Air            1%         2d(1-17)  100%        4
 Animate Armour           Summ/Erth      6%         N/A       100%        4
 Animate Dead             Necr           3%         N/A       100%        4
 Cause Fear               Hex            1%         N/A       100%        4
 Dispel Undead            Necr           3%         3d7       100%        4
 Flame Wave               Conj/Fire      3%         2d5       100%        4
 Ice Form                 Ice/Tmut       3%         N/A       100%        4
 Leda's Liquefaction      Hex/Erth       1%         N/A       100%        4
 Manifold Assault         Tloc           3%         N/A       100%        4
 Petrify                  Tmut/Erth      3%         N/A       100%        4
 Sticky Flame             Conj/Fire      3%         2d3       100%        4
 Summon Lightning Spire   Summ/Air       3%         N/A       100%        4
 Agony                    Necr           3%         N/A       100%        5
 Arcjolt                  Conj/Air       1%         1d11      100%        5
 Blade Hands              Tmut           1%         N/A       100%        5
 Freezing Cloud           Conj/Ice/Air   1%         6-21      100%        5
 Irradiate                Conj/Tmut      1%         3d12      100%        5
 Lee's Rapid Deconstruct  Erth           1%         3d4*      100%        5
 Lightning Bolt           Conj/Air       1%         1d12      100%        5
 Metabolic Englaciation   Hex/Ice        1%         N/A       100%        5
 Silence                  Hex/Air        1%         N/A       100%        5
 Yara's Violent Unravell  Hex/Tmut       1%         3d3       100%        5
 Conjure Ball Lightning   Conj/Air       1%         3x3d6     100%        6
 Dispersal                Tloc           1%         N/A       100%        6
 Simulacrum               Ice/Necr       1%         N/A       100%        6
 Statue Form              Tmut/Erth      2%         N/A       100%        6
 Summon Cactus Giant      Summ           1%         N/A       100%        6
 Dragon Form              Tmut           1%         N/A       100%        7
 Enfeeble                 Hex            1%         N/A       100%        7
 Haunt                    Necr/Summ      1%         N/A       100%        7
 Ozocubu's Refrigeration  Ice            1%         4d7       100%        7
 Borgnjor's Revivificati  Necr           1%         N/A       100%        8
 Discord                  Hex            1%         N/A       100%        8
 Disjunction              Tloc           1%         N/A       100%        8
 Ignition                 Fire           1%         3d3       100%        8
 Infestation              Necr           1%         N/A       100%        8
 Lehudib's Crystal Spear  Conj/Erth      1%         10d2      100%        8
 Maxwell's Capacitive Co  Air            1%         ∞         100%        8
 Necromutation            Tmut/Necr      1%         N/A       100%        8
 Death's Door             Necr           1%         N/A       100%        9
 Polar Vortex             Ice            1%         N/A       100%        9


Dungeon Overview and Level Annotations

Branches:
Dungeon (15/15)            Temple (1/1) D:6            Lair (5/5) D:10
  Swamp (4/4) Lair:3        Snake (4/4) Lair:2        Slime (1/5) Lair:5
    Orc (2/2) D:12            Elf (3/3) Orc:2        Vaults (5/5) D:14
  Crypt (2/3) Vaults:2     Depths (0/4) D:15         Bailey (visited)
  IceCv (visited)          WizLab (visited)

Altars:
Ashenzari
Cheibriados
Dithmenos
Elyvilon
Fedhas
Gozag
Hepliaklqana
Kikubaaqudgha
Makhleb
Nemelex Xobeh
Okawaru
Qazlal
Ru
Sif Muna
Trog
Uskayaw
Vehumet
Wu Jian
Xom
Yredelemnul
Zin
The Shining One

Shops:
D:1 [([   D:3 *(   D:5 (!   D:6 ((   D:7 *   Orc:1 [   Orc:2 *(:[   Elf:1 *
Vaults:3 :   Vaults:4 [   Vaults:5 !

Portals:
Trove: Vaults:3 (give ring mail of Red Amelioration)

Annotations:
Crypt:2 Frederick


Innate Abilities, Weirdness & Mutations

You are amphibious.
You cover ground slowly.
You can hop long distances.
You have an extended range of vision and can be seen from far away.


Message History

The deep elf high priest invokes the aid of its god against you.
Something smites you!
* * * LOW HITPOINT WARNING * * *
The frost giant points at you and mumbles some strange words.
The bolt of cold hits you. You resist.
* * * LOW HITPOINT WARNING * * *
Your mature weirdbat beast hits something.
Your mature weirdbat beast constricts something.
Something touches your mature weirdbat beast!!
Aim the phial where?
Press: ? - help, Shift-Dir - straight line, f/p - ironbound convoker
Aim: an ironbound convoker, wielding the +8 falchion of the Wolf {freeze, rPois rN+ Str-4}, wearing a +2 robe of willpower, wearing an amulet of the acrobat and carrying a wand of paralysis (1) (lightly wounded, spells empowered, sheltered from injuries, covered in acid)
The torrent of water hits something!
The wave splashes down.
Your mature weirdbat beast is engulfed in water.
The frost giant is engulfed in water.
The deep elf high priest is engulfed in water.
The yaktaur captain is engulfed in water.
The ironbound convoker is engulfed in water.
The titan is engulfed in water.
The ironbound preserver is engulfed in water.
Your mature weirdbat beast hits something but does no damage.
Your mature weirdbat beast constricts something.
You hear some strange, mumbled words.
A bolt of acid appears from out of thin air!
The bolt of acid hits your mature weirdbat beast!!
The bolt of acid hits you!!!
* * * LOW HITPOINT WARNING * * *
Your mature weirdbat beast hits something.
Your mature weirdbat beast constricts something.
You feel much better.
Your mature weirdbat beast hits something but does no damage.
Your mature weirdbat beast constricts something!
You hear some strange, mumbled words.
A bolt of acid appears from out of thin air!
The bolt of acid hits your mature weirdbat beast!!!
The acid corrodes your mature weirdbat beast!
Your mature weirdbat beast dies!
Your mature weirdbat beast's corpse disappears in a puff of smoke!
The bolt of acid hits you!!!
You die...

#####.#........##################
.#.#[#.#.........................
#.#[#.#.#....#......####........#
.#.#.#.#.....#...####...†....####
#.#.#.#.#....#####........####...
.#.#.#.##....#.........####......
#}#.#.#.#....#......####........#
.#.#.#.##....#..)####........####
#.#.#.#.#.(..#..@§epC.....####...
.#.#.#.##....#..~C{~~..####):....
#.#.#:#.#....#|.~~cp####L§})[...#
.#.#.#.##....#..~####...D)).|####
#.#.#.#.#....#####....CH.[####...
.#.#.#.##....#.........####......
#.#.#.#.#....#......####........#
.#.#.#.##....#...####........####
#.#.#.#.#....#............####...


You could see an ironbound preserver (strong, empowered, waterlogged), a titan
(strong, empowered, sheltered, waterlogged), a frost giant (strong, empowered,
sheltered, corroded, waterlogged), a yaktaur captain (sheltered, waterlogged), a
deep elf high priest (strong, brilliance aura, sheltered, waterlogged) and an
ironbound convoker (empowered, sheltered, corroded, waterlogged).

Vanquished Creatures
  Vashnia (Snake:4)
  Saint Roka (Elf:3)
  Margery (Vaults:2)
  Nikola (Snake:1)
  The ghost of gabagool the Spry, an adept MfGl of Okawaru (Vaults:3)
  3 liches
  A hellephant (Abyss:4)
  Jorgrun (D:14)
  Mlioglotl (Snake:4)
  4 tentacled monstrosities (Vaults:5)
  Asterion (Elf:2)
  2 deep elf blademasters (Elf:3)
  2 deep elf master archers (Elf:3)
  4 titans (Vaults:5)
  Frances (Snake:2)
  2 sphinxes (Vaults:5)
  4 thorn hunters
  3 tentacled starspawn (Abyss:4)
  Gastronok (Orc:1)
  An ancient champion (Crypt:1)
  5 shadow dragons
  A storm dragon (Vaults:5)
  Agnes (Elf:2)
  Roxanne (D:14)
  6 tengu reavers
  3 fenstrider witches (Swamp:4)
  A revenant (Crypt:1)
  Donald (Elf:1)
  4 nagarajas (Snake:4)
  3 fire giants (Vaults:5)
  15 vault wardens
  Aizul (Snake:2)
  3 frost giants (Vaults:5)
  A juggernaut zombie (Crypt:1)
  5 deep elf elementalists (Elf:3)
  4 deep elf sorcerers
  2 orc warlords
  An angel (Abyss:4)
  16 ironbound preservers
  7 very ugly things
  2 war gargoyles
  9 ghouls
  A quicksilver ooze (Slime:1)
  5 eleionomae
  9 ironbound thunderhulks
  Azrael (Orc:1)
  5 vampire knights
  2 stone giants
  4 bunyips
  6 deep elf annihilators
  5 deep elf demonologists
  A lorocyproca (WizLab)
  2 white draconians
  6 dire elephants
  The ghost of Pijotal the Thaumaturge, a journeyman DjEE of Ashenzari (D:14)
  A crystal guardian (Vaults:4)
  2 eidola
  A blizzard demon (D:14)
  10 deep elf death magi
  9 ettins
  An acid blob zombie (Crypt:2)
  An entropy weaver (Vaults:3)
  4 deep elf high priests
  13 yaktaur captains
  A jiangshi (Crypt:1)
  Snorg (Orc:1)
  11 great orbs of eyes
  Harold (Lair:1)
  34 vault guards
  4 salamander tyrants
  21 hydras
  An ice dragon (D:13)
  9 ironbound frosthearts
  An ogre mage (D:14)
  3 peacekeepers
  9 centaur warriors
  A catoblepas (D:14)
  2 ghost crabs
  A two-headed ogre (shapeshifter) (Vaults:5)
  4 boulder beetles
  9 anacondas
  6 two-headed ogres
  33 dancing weapons
  11 alligators
  9 death yaks
  2 hell hogs (Abyss:4)
  A tengu warrior (D:14)
  20 naga warriors
  6 shock serpents
  3 orc high priests
  9 hell knights
  A spriggan berserker (Swamp:4)
  The ghost of valliere the Shield-Bearer, a novice TrWr of Wu Jian (D:7)
  13 naga sharpshooters
  2 vampire magi (Crypt:1)
  A sun demon (WizLab)
  Urug (D:12)
  18 deep elf knights
  4 wretched stars (Abyss:4)
  11 salamander mystics
  5 spriggan druids
  14 skeletal warriors
  5 goliath frogs
  2 flayed ghosts
  11 naga ritualists
  57 deep trolls
  11 deep elf archers
  A storm dragon skeleton (D:15)
  21 swamp dragons
  A sphinx zombie (D:15)
  Pikel (D:6)
  A glowing orange brain (shapeshifter) (Vaults:1)
  A glowing orange brain (Vaults:3)
  A bunyip skeleton (Crypt:1)
  10 bog bodies
  21 ironbound convokers
  9 orc knights
  32 deep elf pyromancers
  34 deep elf zephyrmancers
  5 phantasmal warriors
  6 lindwurms
  8 wizards
  A harpy (shapeshifter) (Vaults:5)
  5 harpies (Vaults:2)
  A steelbarb worm (shapeshifter) (Vaults:5)
  3 necromancers
  4 orc sorcerers
  21 ugly things
  15 mana vipers
  A tengu skeleton (Vaults:2)
  3 manticores
  25 salamanders
  4 cyclopes
  5 will-o-the-wisps
  8 elephants
  3 frost giant skeletons
  A guardian serpent (Snake:4)
  2 ice statues (IceCv)
  37 black mambas
  18 vault sentinels
  A smoke demon (Abyss:4)
  22 naga magi
  A gargoyle (D:12)
  A torpor snail (Lair:3)
  6 cane toads
  2 unseen horrors
  10 komodo dragons
  2 kobold demonologists
  5 rime drakes
  2 ice devils (D:14)
  A tormentor (WizLab)
  An alligator snapping turtle skeleton (Crypt:1)
  16 yaktaurs
  An ancient zyme (Abyss:4)
  2 efreet (D:14)
  A pale draconian skeleton (Crypt:1)
  2 freezing wraiths
  A troll (shapeshifter) (Vaults:5)
  8 polar bears
  A troll (D:11)
  6 tyrant leeches
  2 wolf spider simulacra
  16 hornets
  An ettin zombie (D:15)
  4 raiju (Abyss:4)
  A snapping turtle (shapeshifter) (D:14)
  A blink frog (shapeshifter) (D:15)
  12 dream sheep
  12 blink frogs
  Sigmund (D:6)
  A jumping spider (Vaults:3)
  14 slime creatures
  A black mamba zombie (Crypt:1)
  An air elemental (Elf:2)
  A culicivora (shapeshifter) (Vaults:5)
  25 spriggans
  8 flying skulls
  3 wyverns
  4 wraiths
  2 ettin skeletons (Vaults:2)
  7 starcursed masses (Abyss:4)
  4 water elementals
  2 vampires
  A human (Vaults:4)
  3 basilisks
  4 redbacks
  Eustachio (D:4)
  27 yaks
  5 fire elementals
  A neqoxec (Abyss:4)
  9 vampire mosquitoes
  6 large abominations (Abyss:4)
  A steam dragon (shapeshifter) (Vaults:5)
  2 chaos spawn (Abyss:4)
  10 swamp worms
  Edmund (D:6)
  4 wargs
  51 nagas
  3 small abominations (Abyss:4)
  24 water moccasins
  3 hell hounds
  A sky beast (D:6)
  11 swamp drakes
  41 orc warriors
  7 ice beasts
  A meliai simulacrum (D:14)
  8 black bears
  10 ogres
  28 wolves
  16 centaurs
  4 boggarts (Lair:5)
  A lemure (D:6)
  3 kobold brigands
  5 gnoll sergeants
  3 necrophages (Crypt:1)
  4 earth elementals
  12 bullfrogs
  A scorpion (D:5)
  A salamander skeleton (Crypt:1)
  9 wights
  A hornet simulacrum (D:14)
  2 lindwurm simulacra (IceCv)
  16 killer bees
  5 howler monkeys
  An electric eel (D:14)
  A wolf skeleton (Crypt:2)
  6 komodo dragon simulacra (IceCv)
  A hound (D:5)
  Crazy Yiuf (D:4)
  3 gnoll boudas
  5 jellies
  20 orc priests
  Terence (D:2)
  26 orc wizards
  Natasha (thrice) (D:3)
  A human skeleton (Crypt:2)
  2 iguanas
  2 hell rats (Lair:1)
  6 centaur simulacra
  30 gnolls
  8 acid dragon simulacra (IceCv)
  11 adders
  11 river rats (Lair:1)
  4 white imps
  An ufetubus (D:13)
  5 steam dragon simulacra (IceCv)
  2 worms
  2 dart slugs
  115 orcs
  9 ball pythons
  A bat zombie (Crypt:1)
  9 endoplasms
  5 giant cockroaches
  6 goblins
  6 hobgoblins
  7 jackals
  11 quokkas
  5 bats
  2 frilled lizards
  24 kobolds
  7 rats
  5 briar patches
  2 butterflies
  A starspawn tentacle (Abyss:4)
1826 creatures vanquished.

Vanquished Creatures (collateral kills)
  An orc warrior (Elf:3)
  An orc priest (Orc:2)
  An orc wizard (Elf:3)
  An orc (Elf:3)
4 creatures vanquished.

Vanquished Creatures (others)
  A nagaraja (Snake:4)
  An eleionoma (Swamp:2)
  An ettin (Vaults:5)
  A naga warrior (Snake:4)
  A spriggan (Swamp:2)
  Sonja (D:10)
  A wizard (Elf:1)
  A deep elf archer (Elf:2)
  2 deep elf zephyrmancers (Elf:1)
  A deep elf pyromancer (Elf:2)
  A will-o-the-wisp (Swamp:2)
  A rime drake (IceCv)
  2 bloated husks
  2 hornets
  2 swamp worms
  A naga (Snake:4)
  4 orc warriors
  2 small abominations (Abyss:4)
  A swamp drake (Swamp:4)
  A boggart (Elf:1)
  An orc (Orc:2)
  A kobold (D:14)
  8 briar patches (Swamp:4)
  A bush (Lair:5)
  21 foxfires
  34 fungi
  A lurking horror (Abyss:4)
  36 plants
  11 starspawn tentacles (Abyss:4)
142 creatures vanquished.

Grand Total: 1972 creatures vanquished

Notes
Turn   | Place    | Note
-------+----------+-------------------------------------------
     0 | D:1      | NinjaNoafa the Barachi Monk began the quest for the Orb.
     0 | D:1      | Reached XP level 1. HP: 18/18 MP: 1/1
   153 | D:1      | Reached XP level 2. HP: 25/25 MP: 2/2
   418 | D:1      | Found Bifipt's Armour Emporium.
   454 | D:1      | Found Otaajaq's Weapon Boutique.
   725 | D:1      | Found Buisseorph's Antique Armour Shoppe.
  1040 | D:1      | Reached XP level 3. HP: 29/30 MP: 3/3
  1632 | D:2      | Noticed Terence
  1666 | D:2      | Killed Terence
  1667 | D:2      | Reached XP level 4. HP: 12/37 MP: 4/4
  2468 | D:3      | Noticed Natasha
  2476 | D:3      | Killed Natasha
  2477 | D:3      | Reached skill level 1 in Armour
  2477 | D:3      | Reached XP level 5. HP: 21/42 MP: 5/5
  3208 | D:3      | Noticed Natasha
  3226 | D:3      | Killed Natasha
  3227 | D:3      | Reached skill level 1 in Shields
  3309 | D:3      | Noticed Natasha
  3321 | D:3      | Killed Natasha
  3322 | D:3      | Reached skill level 1 in Throwing
  3322 | D:3      | Reached XP level 6. HP: 12/48 MP: 6/6
  3725 | D:3      | Found Teloit's General Store.
  3800 | D:1      | Bought a runed cloak for 172 gold pieces
  3942 | D:3      | Found Satwot's Antique Weapon Boutique.
  3945 | D:3      | Bought a scroll of identify for 24 gold pieces
  4333 | D:4      | Reached skill level 2 in Shields
  4475 | D:4      | Reached skill level 3 in Shields
  4475 | D:4      | Reached skill level 1 in Evocations
  4521 | D:4      | Found a white marble altar of Elyvilon.
  4547 | D:4      | Reached XP level 7. HP: 54/54 MP: 7/7
  5127 | D:4      | Noticed Eustachio
  5154 | D:4      | Found a sparkling altar of Nemelex Xobeh.
  5156 | D:4      | Killed Eustachio
  5157 | D:4      | Reached skill level 4 in Shields
  5914 | D:4      | Found a runed translucent door.
  5915 | D:4      | Noticed Crazy Yiuf
  6127 | D:5      | Entered Level 5 of the Dungeon
  6167 | D:5      | Reached skill level 5 in Fighting
  6167 | D:5      | Reached skill level 5 in Long Blades
  6229 | D:5      | Found Pyjanlai's Antique Weapon Boutique.
  6290 | D:5      | Reached XP level 8. HP: 62/62 MP: 8/8
  6398 | D:5      | Found a shimmering altar of Xom.
  6653 | D:6      | Noticed an eight-headed hydra
  6654 | D:6      | Found Qilosm's Hydra Hut.
  6662 | D:6      | Noticed a wyvern
  6679 | D:6      | Killed a wyvern
  6795 | D:6      | Found a shimmering blue altar of Sif Muna.
  7112 | D:5      | Found Laazoor's Distillery.
  7656 | D:4      | Killed Crazy Yiuf
  7918 | D:6      | Found a staircase to the Ecumenical Temple.
  7951 | Temple   | Entered the Ecumenical Temple
  7965 | Temple   | Became a worshipper of the Wu Jian Council
  7965 | Temple   | Reached * piety under Wu Jian
  7965 | Temple   | Reached ** piety under Wu Jian
  8206 | D:6      | Identified the +6 spear of Ancient Evil {venom, +Blink
                  | Dex+6}
  8236 | D:6      | Found a glowing golden altar of the Shining One.
  8267 | D:6      | Noticed Pikel
  8277 | D:6      | Killed Pikel
  8278 | D:6      | Reached XP level 9. HP: 55/68 MP: 9/9
  8342 | D:6      | Found Saestane's Weapon Shop.
  8542 | D:6      | Found a stormy altar of Qazlal.
  8630 | D:6      | Noticed Edmund
  8648 | D:6      | Killed Edmund
  8740 | D:6      | Noticed Sigmund
  8750 | D:6      | Killed Sigmund
  9294 | D:6      | Found a snail-covered altar of Cheibriados.
  9691 | D:7      | Found an iron altar of Okawaru.
  9715 | D:7      | Found a burning altar of Makhleb.
  9839 | D:7      | Found an opulent altar of Gozag.
  9842 | D:7      | Found Gozag's Platinum Reserve.
 10169 | D:7      | Found a basalt altar of Yredelemnul.
 10257 | D:7      | Found a runed translucent door.
 10257 | D:7      | Noticed valliere's ghost (novice TrWr)
 10491 | D:8      | Found a flagged portal.
 10503 | Bailey   | Entered a bailey
 10632 | Bailey   | Reached XP level 10. HP: 28/74 MP: 6/10
 11128 | Bailey   | Identified the +11 shadow dragon scales of the Apprentice
                  | {*Slow rF+ Dex+3 Stlth++++}
 11134 | Bailey   | Reached *** piety under Wu Jian
 11479 | D:5      | Bought an ancient scimitar for 261 gold pieces
 11479 | D:5      | Identified the +7 scimitar of Eveisim {drain, rPois rN+
                  | Int+5 Stlth-} (You bought it in a shop on level 5 of the
                  | Dungeon)
 11745 | D:3      | Bought a scroll of enchant armour for 90 gold pieces
 11959 | D:8      | Found a sacrificial altar of Ru.
 12277 | D:3      | Bought a potion of cancellation for 96 gold pieces
 12549 | D:8      | Reached skill level 5 in Shields
 12680 | D:8      | Found a shadowy altar of Dithmenos.
 12782 | D:9      | Reached **** piety under Wu Jian
 12912 | D:9      | Noticed a +0 hand axe
 12912 | D:9      | Noticed a +0 dagger
 12915 | D:9      | Found a hide-covered altar of Uskayaw.
 12948 | D:9      | Found an ancient bone altar of Kikubaaqudgha.
 13057 | D:9      | Noticed a two-headed ogre
 13072 | D:9      | Killed a two-headed ogre
 13073 | D:9      | Reached skill level 5 in Armour
 13073 | D:9      | Reached skill level 6 in Shields
 13198 | D:9      | Reached XP level 11. HP: 84/84 MP: 11/11
 13240 | D:9      | Found a bloodstained altar of Trog.
 13416 | D:10     | Entered Level 10 of the Dungeon
 13486 | D:10     | Noticed a two-headed ogre
 13487 | D:10     | Noticed a two-headed ogre
 13508 | D:10     | Killed a two-headed ogre
 13509 | D:10     | Reached skill level 7 in Shields
 13514 | D:10     | Killed a two-headed ogre
 13636 | D:10     | Found a staircase to the Lair.
 13643 | Lair:1   | Entered Level 1 of the Lair of Beasts
 13680 | Lair:1   | Noticed Harold
 13695 | Lair:1   | Killed Harold
 13712 | Lair:1   | Reached ***** piety under Wu Jian
 13716 | Lair:1   | Reached skill level 8 in Shields
 14119 | Lair:1   | Noticed an eight-headed hydra
 14329 | D:7      | Killed valliere's ghost
 14330 | D:7      | Reached skill level 10 in Fighting
 14330 | D:7      | Reached XP level 12. HP: 95/97 MP: 10/12
 14692 | Lair:2   | Reached skill level 9 in Shields
 14855 | D:6      | Bought a +2 long sword of flaming for 183 gold pieces
 15047 | Lair:1   | Killed a three-headed hydra
 15280 | Lair:2   | Noticed a six-headed hydra
 15297 | Lair:2   | Killed a one-headed hydra
 15698 | D:5      | Bought a potion of berserk rage for 70 gold pieces
 15912 | Lair:2   | Reached skill level 10 in Armour
 16112 | Lair:2   | Found a staircase to the Snake Pit.
 16130 | Lair:2   | Reached skill level 10 in Shields
 16453 | Lair:3   | Found a staircase to the Swamp.
 16704 | Lair:3   | Noticed a death yak
 16705 | Lair:3   | Noticed a death yak
 16707 | Lair:3   | Noticed a death yak
 16731 | Lair:3   | Killed a death yak
 16744 | Lair:3   | Killed a death yak
 16745 | Lair:3   | Reached skill level 5 in Evocations
 16750 | Lair:3   | Killed a death yak
 16849 | Lair:3   | Noticed a death yak
 16849 | Lair:3   | Noticed a death yak
 16880 | Lair:4   | Reached skill level 11 in Shields
 17034 | Lair:4   | Gained mutation: You can hop long distances. [Barachi
                  | growth]
 17034 | Lair:4   | Reached XP level 13. HP: 107/107 MP: 13/13
 17478 | D:1      | Bought a runed hat for 161 gold pieces
 17724 | D:10     | Noticed Sonja
 17729 | D:10     | Killed Sonja
 17861 | D:10     | Identified the +3 robe of the Sandy God {rF+ rC+ rN+ MP-9}
 17999 | D:10     | Identified the +0 leather armour "Tabatyex" {rC+ Str+3}
 18047 | D:10     | Reached skill level 5 in Stealth
 18825 | Lair:4   | You fall into a shaft and drop 1 floor!
 18825 | Lair:5   | Entered Level 5 of the Lair of Beasts
 18965 | Lair:5   | Reached skill level 12 in Shields
 19077 | Lair:5   | Reached ****** piety under Wu Jian
 19273 | Lair:5   | Reached skill level 13 in Shields
 19279 | Lair:5   | Reached XP level 14. HP: 115/115 MP: 14/14
 19348 | Lair:5   | Reached skill level 14 in Shields
 19425 | Lair:5   | Reached skill level 1 in Short Blades
 19797 | D:1      | Bought a pair of runed boots for 172 gold pieces
 20796 | Lair:5   | Found a staircase to the Slime Pits.
 22099 | D:12     | Identified a scroll of acquirement
 22100 | D:12     | Acquired a manual of Fighting
 22175 | D:12     | Noticed Urug
 22179 | D:12     | Killed Urug
 22230 | D:12     | Found a radiant altar of Vehumet.
 22609 | D:12     | Reached skill level 5 in Short Blades
 22637 | D:12     | Reached skill level 5 in Dodging
 22643 | D:12     | Found a staircase to the Orcish Mines.
 23095 | D:13     | Found a frozen archway.
 23185 | IceCv    | Entered an ice cave
 23226 | IceCv    | Reached skill level 5 in Throwing
 23513 | IceCv    | Noticed a white draconian
 23530 | IceCv    | Killed a white draconian
 24358 | D:13     | Reached XP level 15. HP: 121/122 MP: 15/15
 25101 | Orc:1    | Entered Level 1 of the Orcish Mines
 25533 | Orc:2    | Entered Level 2 of the Orcish Mines
 25533 | Orc:2    | Noticed Azrael
 25533 | Orc:2    | Found a staircase to the Elven Halls.
 25994 | D:3      | Bought a condenser vane for 480 gold pieces
 25994 | D:3      | Bought a scroll of teleportation for 36 gold pieces
 25997 | D:3      | Reached skill level 10 in Stealth
 25997 | D:3      | Reached XP level 16. HP: 131/131 MP: 16/16
 26086 | D:5      | Bought a potion of haste for 140 gold pieces
 26086 | D:5      | Bought a potion of invisibility for 112 gold pieces
 26086 | D:5      | Bought a potion of lignification for 42 gold pieces
 26151 | D:6      | Bought 2 throwing nets for 84 gold pieces
 26455 | D:14     | Found a runed translucent gate.
 26455 | D:14     | Found a runed translucent gate.
 26456 | D:14     | Found a runed translucent gate.
 26533 | D:14     | Noticed Roxanne
 26552 | D:14     | Killed Roxanne
 26615 | D:14     | Noticed Jorgrun
 26618 | D:14     | Killed Jorgrun
 26636 | D:14     | Noticed Pijotal's ghost (journeyman DjEE)
 27209 | D:14     | Found a gate to the Vaults.
 27554 | D:15     | Entered Level 15 of the Dungeon
 27554 | D:15     | Found a staircase to the Depths.
 28044 | D:15     | Identified the +0 ring mail of the Equinox {rPois Str+4}
 28293 | D:15     | Found a runed translucent door.
 28405 | D:15     | Identified the +0 plate armour of Greed {+Blink rC+ rN++
                  | Str-3}
 28601 | D:15     | Reached skill level 10 in Evocations
 29095 | D:14     | Killed Pijotal's ghost
 29130 | D:14     | Got the ring of Kailel {Fire rElec SInv}
 29384 | Orc:1    | Killed Azrael
 29384 | Orc:1    | Reached skill level 15 in Shields
 29892 | Orc:1    | Found Omigg's Armour Emporium.
 29916 | Orc:1    | Noticed Gastronok
 29934 | Orc:1    | Killed Gastronok
 29935 | Orc:1    | Reached skill level 15 in Fighting
 30119 | Orc:2    | Found Luinilu's Antique Armour Boutique.
 30138 | Orc:2    | Found Vatzewk's Antique Weapon Boutique.
 30163 | Orc:2    | Reached XP level 17. HP: 69/142 MP: 17/17
 30190 | Orc:2    | Noticed Snorg
 30210 | Orc:1    | Killed Snorg
 30487 | Orc:2    | Found Zowear Soa's General Store.
 30497 | Orc:2    | Bought a scroll of blinking for 105 gold pieces
 30593 | Orc:2    | Found Bauckis's Book Emporium.
 31045 | Orc:2    | Bought an embroidered hat for 175 gold pieces
 31367 | Snake:1  | Entered Level 1 of the Snake Pit
 31424 | Swamp:1  | Entered Level 1 of the Swamp
 32309 | Snake:1  | Identified the -1 pair of gloves "Ibytaff" {Regen+}
 32309 | Snake:1  | Noticed Nikola
 32313 | Snake:1  | Killed Nikola
 32613 | Orc:2    | Bought a manual of Throwing for 800 gold pieces
 33261 | Snake:2  | Noticed Aizul
 33415 | Snake:1  | Reached skill level 10 in Throwing
 33802 | Swamp:1  | Reached skill level 16 in Shields
 34698 | Swamp:2  | You are sucked into a shaft and drop 1 floor!
 34794 | Swamp:3  | Reached XP level 18. HP: 83/151 MP: 18/18
 35078 | Elf:1    | Entered Level 1 of the Elven Halls
 35244 | Elf:1    | Noticed Donald
 35617 | Snake:2  | Identified the +8 short sword of Saltpetre {antimagic,
                  | +Blink rC++}
 35990 | Snake:2  | Killed Aizul
 36361 | Snake:2  | Noticed Frances
 36368 | Snake:2  | Killed Frances
 36518 | Snake:2  | Reached skill level 17 in Shields
 37630 | Snake:3  | Reached skill level 18 in Shields
 37987 | Elf:1    | Killed Donald
 38024 | Elf:1    | Found Saohih's General Store.
 38130 | Elf:1    | Bought a scroll of enchant weapon for 90 gold pieces
 39599 | Snake:3  | Reached XP level 19. HP: 154/161 MP: 19/19
 40056 | Snake:4  | Entered Level 4 of the Snake Pit
 40398 | Snake:4  | Noticed Vashnia
 40411 | Snake:4  | Killed Vashnia
 40665 | Snake:4  | Noticed Mlioglotl
 40723 | Snake:4  | Reached skill level 10 in Short Blades
 40785 | Snake:4  | Killed Mlioglotl
 40868 | Snake:4  | Got a serpentine rune of Zot
 42344 | Swamp:3  | Identified the +2 helmet "Daetibb" {Int+3}
 42513 | Swamp:4  | Entered Level 4 of the Swamp
 42802 | Slime:1  | Entered Level 1 of the Pits of Slime
 43581 | Elf:1    | Bought a phial of floods for 480 gold pieces
 43629 | Elf:2    | Found a runed translucent gate.
 43663 | Elf:2    | Reached XP level 20. HP: 149/172 MP: 10/20
 43666 | Elf:2    | Paralysed by an air elemental for 1 turns
 43674 | Elf:2    | Noticed Agnes
 43679 | Elf:2    | Killed Agnes
 43714 | Elf:2    | Found a runed translucent gate.
 43715 | Elf:2    | Found a runed translucent gate.
 43981 | Elf:2    | Noticed Asterion
 43990 | Elf:2    | Killed Asterion
 44276 | Elf:3    | Entered Level 3 of the Elven Halls
 44547 | Orc:2    | Bought a shimmering scale mail for 225 gold pieces
 44547 | Orc:2    | Identified the +0 scale mail "Odys" {Int+5} (You bought it
                  | in a shop on level 2 of the Orcish Mines)
 45044 | Swamp:4  | Found a runed translucent door.
 45982 | Swamp:4  | Got a decaying rune of Zot
 46189 | Swamp:4  | Identified the +1 scale mail of Rationality {Fly rN+ Int+3}
 46583 | Vaults:1 | Entered Level 1 of the Vaults
 46657 | Vaults:1 | Reached skill level 10 in Dodging
 47403 | Vaults:1 | Reached skill level 15 in Armour
 47791 | Vaults:2 | Reached skill level 15 in Stealth
 47803 | Vaults:2 | Reached XP level 21. HP: 175/178 MP: 21/21
 47871 | Vaults:2 | Reached skill level 19 in Shields
 47933 | Vaults:2 | Found a flickering gateway to a bazaar.
 47944 | Bazaar   | Entered a bazaar
 47944 | Bazaar   | Found Hunkeeso's Antique Armour Shoppe.
 47944 | Bazaar   | Found Caympiph's General Store.
 47973 | Bazaar   | Bought a box of beasts for 440 gold pieces
 47973 | Bazaar   | Bought a scroll of teleportation for 33 gold pieces
 47985 | Bazaar   | Bought a scroll of noise for 11 gold pieces
 48501 | Vaults:2 | Noticed Margery
 48520 | Vaults:2 | Killed Margery
 48521 | Vaults:2 | Reached skill level 20 in Shields
 49059 | Vaults:2 | Found a staircase to the Crypt.
 49059 | Vaults:2 | Found an ancient bone altar of Kikubaaqudgha.
 49060 | Vaults:2 | Found a basalt altar of Yredelemnul.
 49758 | Vaults:3 | Got Sif Muna's Codex of Star-crossed Burning
 49801 | Vaults:3 | Found a runed translucent door.
 49801 | Vaults:3 | Found a shimmering altar of Xom.
 49801 | Vaults:3 | Noticed gabagool's ghost (adept MfGl)
 49830 | Vaults:3 | Killed gabagool's ghost
 49833 | Vaults:3 | Identified the +2 crystal plate armour "Lohic" {rPois}
 50783 | Crypt:1  | Entered Level 1 of the Crypt
 50839 | Crypt:1  | Reached XP level 22. HP: 181/187 MP: 22/22
 51736 | Crypt:2  | Reached skill level 15 in Throwing
 51905 | Crypt:2  | Found a magical portal.
 51914 | WizLab   | Entered Doroklohe's Tomb
 52220 | Crypt:2  | Noticed Frederick
 53525 | Vaults:3 | Found Resienej's Book Shop.
 53584 | Vaults:3 | Found a portal to a secret trove of treasure.
 53629 | Vaults:3 | Reached skill level 15 in Evocations
 54428 | Vaults:4 | Found Bebixub's Antique Armour Shoppe.
 54437 | Vaults:4 | Bought a slimy cloak for 380 gold pieces
 54437 | Vaults:4 | Identified the +2 cloak of the Elven Halls {rF+ SInv} (You
                  | bought it in a shop on level 4 of the Vaults)
 56073 | Elf:2    | Reached XP level 23. HP: 194/194 MP: 23/23
 56141 | Elf:2    | Reached skill level 21 in Shields
 56499 | Elf:3    | Noticed Saint Roka
 56531 | Elf:3    | Killed Saint Roka
 57579 | Vaults:5 | Entered Level 5 of the Vaults
 57808 | Vaults:5 | Identified the ring "Wuolekiude" {AC+4 Int+3 Dex+2}
 57823 | Vaults:5 | Identified the +3 leather armour of an ice cave {rC++}
 58098 | Vaults:5 | Found Nicliczock's Distillery.
 58103 | Vaults:5 | Bought a potion of heal wounds for 60 gold pieces
 58103 | Vaults:5 | Bought a potion of curing for 36 gold pieces
 58103 | Vaults:5 | Bought a potion of heal wounds for 60 gold pieces
 58103 | Vaults:5 | Bought a potion of heal wounds for 60 gold pieces
 58103 | Vaults:5 | Bought a potion of curing for 36 gold pieces
 58189 | Vaults:5 | Noticed an ancient lich
 58329 | Vaults:5 | Got a silver rune of Zot
 58676 | Vaults:5 | Identified the +8 falchion of the Wolf {freeze, rPois rN+
                  | Str-4}
 59302 | Elf:3    | Reached XP level 24. HP: 150/159 MP: 7/23
 59303 | Abyss:3  | Cast into level 3 of the Abyss (+3 dire flail of
                  | distortion)
 59834 | Abyss:4  | Paralysed by accursed screaming for 1 turns
 59963 | Abyss:4  | Paralysed by accursed screaming for 1 turns
 59987 | Abyss:4  | Paralysed by accursed screaming for 1 turns
 60475 | Elf:3    | Escaped the Abyss
 60896 | Elf:3    | Identified the +2 robe "Ugeumaust" {Int+3 Dex+2}
 60896 | Elf:3    | Identified the ring of the Genius {*Slow Int+7 Dex+5 SInv}
 60897 | Elf:3    | Identified the +5 quarterstaff of Instinct {elec, rCorr}
 60963 | Elf:3    | HP: 5/185 [deep elf high priest/divine providence (14)]
 61223 | Elf:3    | Reached skill level 1 in Spellcasting
 62722 | Elf:3    | Identified the +4 flail of the Other Side {flame, Dex+5}
 63220 | Vaults:5 | Reached skill level 5 in Spellcasting
 63328 | Vaults:5 | Killed from afar by an ancient lich

Illustrated notes

Levels and vault maps discovered:
D:1:      lightli_arrival_maybe_door_vault, layout_basic, serial_shops,
          nicolae_diamond_shop, nicolae_shop_bloodbath_and_beyond,
          nicolae_shop_crystal, minmay_three_crescents
D:2:      layout_loops_corners, uniq_terence
D:3:      minmay_razor_zed, layout_basic, serial_shops,
          nicolae_shop_temple_entry_statues_fountains, shop, uniq_natasha
D:4:      layout_layer_cave, lemuel_round_altar, elyvilon_altar_3, st_stairs_5,
          uniq_eustachio, uniq_crazy_yiuf_cottage
D:5:      layout_cave_pools, dk_xom_monty_hall, serial_shops, kennysheep_mini,
          nicolae_square_shop, serial_park_tiny_pond
D:6:      layout_cave_pods, mainiacjoe_overflow_tiny_flanked,
          mainiacjoe_overflow_surrounded_room, chei_slow_surprise,
          mainiacjoe_overflow_catwalk, minmay_temple_entry_butterflies,
          serial_shops, shop, st_stairs_8, doesnt_shop_hydraphobe, uniq_pikel,
          uniq_edmund, uniq_sigmund
D:7:      layout_loops_ring, mainiacjoe_overflow_small_starburst,
          lemuel_tele_altar, lemuel_crystal_altar,
          nicolae_gozag_zags_fifth_avenue, hellmonk_ghost_happy_afterlife
D:8:      layout_basic, mainiacjoe_overflow_alcove_4, lemuel_round_altar,
          enter_bailey_2, minmay_quadrilaterals
D:9:      layout_rooms, lemuel_doored_altar, lemuel_coloured_pillars_altar,
          dancing_weapons_uskayaw
D:10:     layout_roguey, lair_entry_dummy, minmay_pinched_square, uniq_sonja
D:11:     layout_cross, lemuel_flame_loot_1
D:12:     layout_basic, erik_orc_1, corexii_checkpoint_a, vehumet_crystals,
          uniq_urug
D:13:     layout_layer_cave, serial_ice, serial_ice_b, serial_ice_i,
          serial_ice_e, serial_ice_h, portal_ice_cave_entry_animals_and_master
D:14:     layout_basic, hangedman_vaults_entry_quadrant_bands,
          gammafunk_ghost_icy, nicolae_elevator_lobby_plus, uniq_roxanne,
          uniq_jorgrun
D:15:     gammafunk_depths_entry_grave, layout_gridville, minivault_25,
          roderic_roman_lattice, nicolae_danse_macabre
Temple:   hellmonk_temple_micro_hex
Lair:1:   layout_misc_corridors, kennysheep_rathole, grunt_megastairs_1,
          uniq_harold
Lair:2:   layout_regular_city, nicolae_snake_entry_squirm, lemuel_fruit_tree
Lair:3:   layout_cave_shapes, minmay_swamp_entry_reptiles, lemuel_fruit_fields,
          grunt_megastairs_5, serial_bayou_shore_a
Lair:4:   layout_regular_city, serial_bayou_shore_b
Lair:5:   minmay_lair_end_enchanted_forest, layout_small_grid, slime_entry_1,
          wad_woods_03
Swamp:1:  layout_basic_swamp, hangedman_swamp_diagram,
          infiniplex_staircase_pool_2
Swamp:2:  layout_basic_swamp, evilmike_swamp_ruin_house_5
Swamp:3:  layout_basic_swamp, nicolae_swamp_dense_foliage
Swamp:4:  swamp_basic_johnstein, layout_basic_swamp, swamp_pool2,
          nzn_swamp_weyward_sisters
Snake:1:  layout_honeycomb, serial_bayou_pond_d, uniq_nikola
Snake:2:  kennysheep_six_static_rooms, layout_cave_shapes, grunt_megastairs_4,
          uniq_frances, uniq_aizul
Snake:3:  layout_chambers
Snake:4:  snake_pit, layout_onion, uniq_vashnia, uniq_mlioglotl
Slime:1:  layout_caves
Orc:1:    layout_caves, serial_shops,
          nicolae_shop_temple_entry_statues_fountains, uniq_gastronok
Orc:2:    grunt_orc_gardens, layout_caves, grunt_orc_garden, grunt_orc_garden,
          grunt_orc_garden, grunt_orc_garden, nicolae_orc_stony_grotto,
          uniq_snorg, uniq_azrael
Elf:1:    elf_arrival_001, layout_loops_ring, serial_shops, nicolae_shop_stone,
          hangedman_elf_disciples, columned_hall_lemuel,
          nicolae_elf_glass_and_crystal_pillar_2, uniq_donald
Elf:2:    elven_hall_of_blades_hangedman_original
          [nicolae_blade_entry_area_security], layout_onion_city,
          lemuel_elevator, uniq_agnes, uniq_asterion
Elf:3:    elf_hall_gauntlet_narrow, layout_gridlike, serial_co_window_serial,
          co_window_paths_a, co_window_paths_b, co_window_paths_a,
          co_window_corner_a, co_window_paths_a, co_window_paths_b,
          co_window_paths_b, co_window_paths_a, co_window_corner_a,
          co_window_cross_2, co_window_corner_ca, co_window_paths_c,
          co_window_corner_cb, co_window_corner_cb, co_window_corner_cb,
          co_window_corner_b, glass_columns_a, glass_columns_a, glass_columns_b,
          uniq_saint_roka
Vaults:1: v_misc_16, ontoclasm_vaults_spin, nicolae_vaults_back_hallway,
          vaults_standard_mumra_lines, vaults_mumra_minichess,
          nicolae_vaults_diagonal_hallway_8, vaults_room_glass_cross, v_misc_12,
          v_misc_17, nicolae_vaults_ring_of_whatevers, v_misc_8,
          vaults_mumra_chevron, grunt_vaults_funnel, ontoclasm_vaults_fault,
          layout_vaults_maze_bifur
Vaults:2: v_misc_13, grunt_vaults_hallway_long, vaults_standard_mumra_x,
          minmay_crypt_entry_necro_gods, v_rooms_6, hangedman_vaults_snaps,
          dpeg_vaults_monster_box, ontoclasm_vaults_decontamination,
          ontoclasm_vaults_idyll, nicolae_vaults_yaktaur_gun_rack, v_misc_31,
          layout_vaults_omnicross, serial_shops, bzr_entry_dummy, uniq_margery
Vaults:3: ebering_ghost_xom, vaults_dpeg_ring, vaults_room_boxed, v_pattern_5,
          nicolae_vaults_twisting_passages, vaults_dpeg_cross,
          ontoclasm_vaults_twist, hangedman_vaults_variations,
          vaults_room_door_hall, nicolae_vaults_circle_grid_a,
          nicolae_vaults_what_the_h, nicolae_vaults_little_squares_4,
          ontoclasm_vaults_shuriken, nicolae_vaults_murderbox, v_misc_25,
          nicolae_vaults_shelves_hall, nicolae_vaults_little_squares_5,
          layout_vaults_omnibox, enter_trove_3, serial_shops,
          nicolae_lakefront_shop
Vaults:4: hangedman_vaults_cutoff, v_rooms_6, vaults_room_pool,
          grunt_vaults_diagonal, ontoclasm_vaults_tryst,
          nicolae_vaults_holding_cells, nicolae_vaults_ring_of_whatevers,
          hangedman_vaults_cutoff, ontoclasm_vaults_gateway,
          vaults_room_semicircle, v_misc_2, layout_vaults_chaotic_city,
          serial_shops, nicolae_lakefront_shop
Vaults:5: serial_shops
Crypt:1:  layout_misc_corridors, grunt_crypt_arrival_webbed
Crypt:2:  layout_chaotic_city, mu_enter_wizlab_1, nicolae_crypt_statuary_hall,
          lemuel_elevator, uniq_frederick

Skill      XL: |  1  2  3  4  5  6  7  8  9 10 11 12 13 14 15 16 17 18 19 20 21 22 23 24 |
---------------+-------------------------------------------------------------------------+-----
Stealth        | 2 3 4 8 9 10 12 13 14 15 17 18 | 18.0
Fighting       | 4 5 7 10 11 12 13 15 16 17 18 19 20 | 20.0
Dodging        | 4 6 7 10 12 13 | 13.0
Long Blades    | 4 5 11 13 14 | 14.3
Armour         | 1 2 5 8 10 11 12 13 14 15 16 17 19 | 19.3
Shields        | 1 3 4 6 8 11 13 14 15 16 18 20 21 | 21.5
Throwing       | 1 2 3 4 6 8 11 12 14 15 | 15.0
Evocations     | 1 3 4 5 8 10 11 13 14 15 | 15.4
Short Blades   | 5 6 8 11 12 | 12.0
Spellcasting   | 5 |  5.0

Action                     |  1- 3 |  4- 6 |  7- 9 | 10-12 | 13-15 | 16-18 | 19-21 | 22-24 || total
---------------------------+-------+-------+-------+-------+-------+-------+-------+-------++-------
  Melee: Falchion          |   128 |   195 |   490 |   100 |       |       |       |       ||   913
         Punch             |       |     1 |       |       |       |       |       |       ||     1
         Unarmed           |       |       |     4 |       |       |       |       |       ||     4
         Scimitar          |       |       |       |   574 |   684 |   538 |   177 |    40 ||  2013
         Long sword        |       |       |       |    43 |    92 |   135 |    67 |   375 ||   712
         Quick blade       |       |       |       |       |   408 |  1012 |   647 |   897 ||  2964
         Demon blade       |       |       |       |       |       |   318 |    97 |   138 ||   553
         Short sword       |       |       |       |       |       |   226 |   154 |   234 ||   614
         Cutlass           |       |       |       |       |       |   135 |  2126 |  2239 ||  4500
         Double sword      |       |       |       |       |       |       |     3 |       ||     3
  Throw: Javelin           |       |    12 |    15 |     3 |       |    46 |    18 |    19 ||   113
         Dart              |       |     3 |    23 |     6 |       |       |       |       ||    32
         Boomerang         |       |       |       |    27 |       |    15 |    41 |    15 ||    98
         Throwing net      |       |       |       |       |       |       |     2 |       ||     2
 Invoke: Serpent's Lash    |       |       |       |     1 |     2 |     9 |    12 |     8 ||    32
         Heavenly Storm    |       |       |       |       |       |     3 |     5 |     3 ||    11
Ability: Hop               |     4 |     4 |    11 |     9 |     2 |    21 |    16 |    13 ||    80
         Wall Jump         |       |       |    26 |    35 |    19 |    26 |    21 |    26 ||   153
         Whirlwind         |       |       |    20 |   229 |   390 |   625 |   848 |  1015 ||  3127
         Lunge             |       |       |     6 |    47 |    59 |   164 |   169 |   123 ||   568
         Evoke Blink       |       |       |       |       |       |       |       |     3 ||     3
  Evoke: Wand              |       |       |     4 |     1 |       |    13 |    11 |    12 ||    41
         Condenser vane    |       |       |       |       |       |     2 |     1 |     2 ||     5
         Phantom mirror    |       |       |       |       |       |     1 |       |     2 ||     3
         Box of beasts     |       |       |       |       |       |       |       |     2 ||     2
         Lightning rod     |       |       |       |       |       |       |       |     3 ||     3
         Phial of floods   |       |       |       |       |       |       |       |     1 ||     1
    Use: Potion            |       |     2 |    10 |       |     2 |    15 |     7 |    11 ||    47
         Scroll            |       |     8 |     7 |     8 |    12 |    15 |    16 |     8 ||    74
   Stab: Sleeping          |     6 |     7 |     3 |     4 |    24 |    43 |    72 |    39 ||   198
         Distracted        |       |     1 |     1 |     3 |     6 |     3 |    10 |     5 ||    29
         Held in net/web   |       |       |       |       |       |       |     1 |       ||     1
         Confused          |       |       |       |       |       |       |     2 |       ||     2
 Armour: Robe              |    24 |    11 |    32 |     5 |       |       |       |       ||    72
         Leather armour    |       |    47 |   103 |       |       |       |       |       ||   150
         Shadow dragon sca |       |       |       |   279 |   337 |   779 |   826 |   602 ||  2823
  Dodge: Dodged            |   109 |   159 |   325 |    80 |   129 |   338 |   531 |   572 ||  2243
  Block: Buckler           |       |    31 |   114 |    10 |       |       |       |       ||   155
         Tower shield      |       |       |       |   593 |   911 |  2315 |  2110 |  2081 ||  8010
         Reflection        |       |       |       |    15 |    22 |   154 |    95 |    35 ||   321

Table legend: (Time is in decaauts)
 A = Elapsed time spent in this place.
 B = Non-inter-level travel time spent in this place.
 C = Inter-level travel time spent in this place.
 D = Time resting spent in this place.
 E = Time spent auto-exploring this place.
 F = Levels seen in this place.
 G = Mean time per level.
                   A        B        C        D        E       F      G
               +--------+--------+--------+--------+--------+-----+--------+
         Total |  71143 |  54632 |  16511 |   1488 |  36137 |  48 | 1482.1 |
       Dungeon |  28642 |  19926 |   8716 |    601 |  14354 |  15 | 1909.5 |
        Temple |     23 |     18 |      5 |      0 |      0 |   1 |   23.0 |
          Lair |   8528 |   5836 |   2692 |     86 |   4123 |   5 | 1705.6 |
         Swamp |   4232 |   3488 |    744 |    228 |   1882 |   4 | 1058.0 |
     Snake Pit |   6904 |   6133 |    771 |     53 |   4071 |   4 | 1726.0 |
    Slime Pits |     28 |     28 |      0 |      0 |      0 |   1 |   28.0 |
  Orcish Mines |   2692 |   2257 |    435 |      0 |   1821 |   2 | 1346.0 |
   Elven Halls |   6416 |   5274 |   1142 |      0 |   3523 |   3 | 2138.7 |
        Vaults |   9293 |   7559 |   1734 |      0 |   4773 |   5 | 1858.6 |
         Crypt |   1785 |   1518 |    267 |    142 |    545 |   2 |  892.5 |
         Abyss |    968 |    968 |      0 |    377 |     99 |   2 |  484.0 |
        Bazaar |     70 |     70 |      0 |      0 |     19 |   1 |   70.0 |
        Bailey |    913 |    913 |      0 |      0 |    611 |   1 |  913.0 |
      Ice Cave |    581 |    581 |      0 |      0 |    310 |   1 |  581.0 |
        Wizlab |     63 |     63 |      0 |      0 |      2 |   1 |   63.0 |
               +--------+--------+--------+--------+--------+-----+--------+

Top non-repeatable levels by time:
   Elf:3: 2860 daAuts
    D:14: 2850 daAuts
     D:3: 2849 daAuts
     D:6: 2549 daAuts
    D:12: 2549 daAuts
    D:13: 2452 daAuts
 Snake:2: 2403 daAuts
Vaults:3: 2306 daAuts
     D:4: 2260 daAuts
  Lair:2: 2232 daAuts
    D:10: 2194 daAuts
Vaults:2: 2158 daAuts
Vaults:4: 2052 daAuts
   Elf:1: 2049 daAuts
     D:5: 1911 daAuts
